 Dungeon Crawl Stone Soup version 0.23.1 (webtiles) character file.

Game seed: 11260937067874558636

4273 Norn the Whirler (level 10, -6/66 (69) HPs)
             Began as a Halfling Hunter on Mar 16, 2019.
             Mangled by a komodo dragon (23 damage)
             ... on level 8 of the Dungeon.
             The game lasted 00:23:32 (11266 turns).

Norn the Whirler (Halfling Hunter)                 Turns: 11266, Time: 00:23:33

HP:   -6/66 (69)    AC: 12    Str: 13    XL:     10   Next: 57%
MP:   10/10         EV: 11    Int: 12    God:
Gold: 426           SH:  0    Dex: 16    Spells: 9/9 levels left

rFire    . . .     SeeInvis .   b - +5 short sword (elec)
rCold    . . .     Gourm    .   (shield restricted)
rNeg     . . .     Faith    .   k - +0 chain mail
rPois    .         Spirit   .   p - +1 helmet
rElec    .         Reflect  .   h - +0 cloak
rCorr    .         Harm     .   m - +0 pair of gloves
MR       .....                  (no boots)
Stlth    ..........             (no amulet)
HPRegen  0.21/turn              (no ring)
MPRegen  0.12/turn              (no ring)

@: no status effects
A: small, mutation resistance 1
a: no special abilities


You were on level 8 of the Dungeon.
You were not hungry.

You visited 2 branches of the dungeon, and saw 9 of its levels.

You collected 426 gold pieces.

Inventory:

Hand Weapons
 a - a +1 hunting sling
 b - a +5 short sword of electrocution (weapon)
   (You took it off Maurice on level 8 of the Dungeon)
 v - a +0 dagger of venom
   (You took it off an orc priest on level 4 of the Dungeon)
 N - a +0 short sword
Missiles
 d - 60 sling bullets
 g - 311 stones (quivered)
Armour
 h - a +0 cloak (worn)
   (You found it on level 1 of the Dungeon)
 k - a +0 chain mail (worn)
   (You took it off a goblin on level 1 of the Dungeon)
 m - a +0 pair of gloves (worn)
   (You found it on level 2 of the Dungeon)
 p - a +1 helmet (worn)
   (You found it on level 2 of the Dungeon)
Jewellery
 j - an uncursed ring of stealth {unknown}
   (You found it on level 1 of the Dungeon)
 E - an uncursed ring of magical power {unknown}
   (You found it on level 4 of the Dungeon)
 I - an uncursed ring of stealth {unknown}
   (You found it on level 6 of the Dungeon)
 K - a +5 ring of dexterity {unknown}
   (You found it on level 6 of the Dungeon)
 L - an uncursed ring of magical power {unknown}
   (You found it on level 6 of the Dungeon)
Wands
 c - a wand of disintegration (11)
   (You found it on level 5 of the Dungeon)
 t - a wand of flame (15)
   (You found it on level 8 of the Dungeon)
 u - a wand of paralysis (8)
   (You found it on level 8 of the Dungeon)
 H - a wand of polymorph (6)
   (You found it on level 6 of the Dungeon)
 P - a wand of clouds (7)
   (You found it on level 8 of the Dungeon)
Scrolls
 i - 6 scrolls of amnesia {unknown}
 n - 11 scrolls of identify {unknown}
 o - 3 scrolls of magic mapping {unknown}
 r - 8 scrolls of teleportation {unknown}
 y - 3 scrolls of noise {unknown}
 B - 3 scrolls of remove curse {unknown}
 C - 2 scrolls of random uselessness {unknown}
 D - 2 scrolls of blinking {unknown}
 F - 2 scrolls of enchant weapon {unknown}
 G - a scroll of enchant armour {unknown}
Potions
 f - a potion of heal wounds {unknown}
 l - 3 potions of agility {unknown}
 q - 2 potions of haste {unknown}
 s - a potion of degeneration {unknown}
 w - 3 potions of might {unknown}
 x - a potion of cancellation {unknown}
 z - 3 potions of mutation {unknown}
 A - 3 potions of curing {@q1}
 J - a potion of lignification {unknown}
 M - 2 potions of ambrosia {unknown}
 O - a potion of berserk rage {unknown}
Comestibles
 e - 13 rations {!d}


   Skills:
 + Level 6.9 Fighting
 * Level 15.0 Slings
 + Level 8.3 Dodging
 - Level 1.1 Stealth


You had 9 spell levels left.
You didn't know any spells.
Your spell library contained the following spells:

 Spells                   Type           Power        Failure   Level  Hunger
 Flame Tongue             Conj/Fire      #....        100%        1    ##.....
 Throw Flame              Conj/Fire      #.....       100%        2    ###....
 Conjure Flame            Conj/Fire      #.......     100%        3    ####...
 Inner Flame              Hex/Fire       #.......     100%        3    ####...
 Sticky Flame             Conj/Fire      #.......     100%        4    #####..
 Fireball                 Conj/Fire      #.........   100%        5    ######.


Dungeon Overview and Level Annotations

Branches:
Dungeon (8/15)             Temple (1/1) D:6
   Lair: D:8-11

Altars:
Ashenzari
Dithmenos
Elyvilon
Fedhas
Gozag
Hepliaklqana
Kikubaaqudgha
Makhleb
Nemelex Xobeh
Qazlal
Ru
Sif Muna
Trog
Uskayaw
Vehumet
Wu Jian
Xom
Yredelemnul
Zin
The Shining One

Annotations:
D:6 fire vault


Innate Abilities, Weirdness & Mutations

You are small and have problems with some larger weapons.
You are somewhat resistant to further mutation.


Message History

The bullfrog barely misses you.
The phantom hits you but does no damage.
The bullfrog hits you but does no damage.
The jelly misses you.
You hit the phantom.
The phantom blinks!
The bullfrog hits you but does no damage.
The jelly barely misses you. The phantom hits you.
The phantom blinks!
Your chain mail prevents you from hitting the bullfrog.
The bullfrog hits you but does no damage. x2
The jelly closely misses you.
The bullfrog hits you but does no damage.
You hit the bullfrog. Lightning courses through the bullfrog!
You hit the bullfrog. The bullfrog misses you. The jelly misses you.
The bullfrog hits you.
You hit the bullfrog.
You kill the bullfrog!
The phantom blinks!
The jelly barely misses you.
The bullfrog hits you but does no damage.
You closely miss the bullfrog. The bullfrog closely misses you.
The jelly hits you but does no damage.
The bullfrog hits you but does no damage.
Your chain mail prevents you from hitting the bullfrog.
The bullfrog hits you. x2
You hit the bullfrog. The bullfrog closely misses you.
You barely miss the bullfrog.
The bullfrog hits you but does no damage.
The bullfrog hits you.
* * * LOW HITPOINT WARNING * * *
The bullfrog hits you but does no damage.
The bullfrog hits you.
* * * LOW HITPOINT WARNING * * *
You completely miss the bullfrog. The bullfrog closely misses you.
You hit the bullfrog. Lightning courses through the bullfrog!
The bullfrog hits you but does no damage.
The bullfrog closely misses you.
You hit the bullfrog.
You kill the bullfrog!
Your Slings skill increases to level 15!
The jelly completely misses you.
You puncture the komodo dragon!
Lightning courses through the komodo dragon!
The komodo dragon bites you!
* * * LOW HITPOINT WARNING * * *
You closely miss the komodo dragon. The komodo dragon barely misses you.
Your chain mail prevents you from hitting the komodo dragon.
The komodo dragon bites you but does no damage.
You hit the komodo dragon but do no damage.
The komodo dragon barely misses you.
You hit the komodo dragon. The komodo dragon bites you!!
You die...

#....Wl...#...........
#.#ol####.#..#########
#...J.....#..#
######†)###..#
#.....J...#..#
###.J######..#
#.........#..#
#.####l.#.#..#
#....@J...#..#
######'#####..#
...............#
###............#
##############


You could see a komodo dragon and a jelly.

Vanquished Creatures
  Pikel (D:7)
  Maurice (D:8)
  Sigmund (D:5)
  A wyvern (D:8)
  Eustachio (D:5)
  A steam dragon (D:8)
  Grum (D:8)
  A vampire mosquito (D:8)
  Menkaure (D:7)
  2 orc warriors
  An ice beast (D:6)
  4 slaves (D:7)
  A phantom (D:5)
  2 necrophages
  2 ogres
  A sky beast (D:7)
  2 wolves
  A centaur (D:6)
  4 bullfrogs (D:8)
  3 wights (D:7)
  A crimson imp (D:6)
  A quasit (D:7)
  A bullfrog zombie (D:5)
  3 hounds
  2 gnoll shamans
  3 orc priests
  7 orc wizards
  A bullfrog skeleton (D:8)
  Jessica (D:2)
  Natasha (thrice) (D:2)
  An iguana (D:4)
  3 worker ants
  Robin (D:1)
  9 adders
  8 gnolls
  A shadow imp (D:5)
  4 worms
  3 dart slugs
  8 leopard geckos
  16 orcs
  2 ball pythons
  4 giant cockroaches
  15 goblins
  5 hobgoblins
  9 jackals
  A quokka (D:6)
  3 bats
  4 frilled lizards
  A jackal skeleton (D:6)
  5 kobolds
  A leopard gecko skeleton (D:5)
  A quokka skeleton (D:4)
  4 rats
164 creatures vanquished.

Vanquished Creatures (others)
  2 sky beasts
  An ogre (D:6)
  A gnoll shaman (D:6)
  4 gnolls (D:6)
  2 adders (D:6)
  An adder zombie (D:6)
  A goblin (D:2)
12 creatures vanquished.

Grand Total: 176 creatures vanquished

Notes
Turn   | Place    | Note
-------+----------+-------------------------------------------
     0 | D:1      | Norn the Halfling Hunter began the quest for the Orb.
     0 | D:1      | Reached XP level 1. HP: 14/14 MP: 1/1
    47 | D:1      | Reached skill level 6 in Slings
   145 | D:1      | Reached XP level 2. HP: 19/19 MP: 2/2
   459 | D:1      | Reached XP level 3. HP: 24/24 MP: 3/3
   910 | D:2      | Noticed Robin
  1076 | D:1      | Reached XP level 4. HP: 20/29 MP: 4/4
  1216 | D:1      | Killed Robin
  1216 | D:1      | Reached skill level 7 in Slings
  1237 | D:2      | Noticed Jessica
  1245 | D:2      | Killed Jessica
  1364 | D:2      | Noticed Natasha
  1379 | D:2      | Killed Natasha
  1379 | D:2      | Reached XP level 5. HP: 35/35 MP: 5/5
  1527 | D:2      | Noticed Natasha
  1532 | D:2      | Killed Natasha
  1557 | D:2      | Found an opulent altar of Gozag.
  1643 | D:2      | Noticed Natasha
  1649 | D:2      | Killed Natasha
  1649 | D:2      | Reached skill level 8 in Slings
  1710 | D:3      | Reached XP level 6. HP: 37/41 MP: 6/6
  2798 | D:4      | Reached skill level 9 in Slings
  2798 | D:4      | Reached XP level 7. HP: 27/46 MP: 7/7
  3222 | D:4      | Found a shadowy altar of Dithmenos.
  3595 | D:5      | Entered Level 5 of the Dungeon
  4202 | D:5      | Reached skill level 10 in Slings
  4616 | D:5      | Found a glowing silver altar of Zin.
  4616 | D:5      | Found a hazy altar of Hepliaklqana.
  4639 | D:5      | Noticed Eustachio
  4666 | D:5      | Killed Eustachio
  4666 | D:5      | Reached skill level 5 in Dodging
  4666 | D:5      | Reached XP level 8. HP: 52/54 MP: 8/8
  4770 | D:5      | Found a bloodstained altar of Trog.
  4775 | D:5      | Found a radiant altar of Vehumet.
  5175 | D:5      | Reached skill level 11 in Slings
  5186 | D:5      | Noticed Sigmund
  5206 | D:5      | Killed Sigmund
  6404 | D:6      | Reached skill level 5 in Fighting
  6404 | D:6      | Reached XP level 9. HP: 43/59 MP: 9/9
  6420 | D:6      | Reached skill level 12 in Slings
  6634 | D:6      | Found a blossoming altar of Fedhas.
  6705 | D:6      | Found a staircase to the Ecumenical Temple.
  6717 | Temple   | Entered the Ecumenical Temple
  7433 | D:7      | Noticed Pikel
  7519 | D:7      | Killed Pikel
  7740 | D:7      | Found a blossoming altar of Fedhas.
  7883 | D:7      | Reached skill level 13 in Slings
  8386 | D:7      | Noticed Menkaure
  9111 | D:7      | Killed Menkaure
  9592 | D:8      | Found a shattered altar of Ashenzari.
  9617 | D:8      | Found a deep blue altar of Sif Muna.
  9747 | D:8      | Noticed Grum
  9790 | D:7      | Reached XP level 10. HP: 21/66 MP: 10/10
 10235 | D:8      | Killed Grum
 10299 | D:8      | Noticed Maurice
 10309 | D:8      | Reached skill level 14 in Slings
 10312 | D:8      | Paralysed by Maurice for 4 turns
 10364 | D:8      | Killed Maurice
 10719 | D:8      | Found an ancient bone altar of Kikubaaqudgha.
 11235 | D:8      | Noticed a komodo dragon
 11257 | D:8      | Reached skill level 15 in Slings
 11266 | D:8      | Mangled by a komodo dragon

Skill      XL: |  1  2  3  4  5  6  7  8  9 10 |
---------------+-------------------------------+-----
Slings         | 6 7 8 9 10 11 13 15 | 15.0
Fighting       | 2 3 4 5 6 |  6.9
Dodging        | 3 4 5 6 7 8 |  8.3
Stealth        | |  1.1

Action                   |  1- 3 |  4- 6 |  7- 9 | 10-12 || total
-------------------------+-------+-------+-------+-------++-------
Melee: Short sword       |    39 |    11 |       |    82 ||   132
       Dagger            |       |       |   315 |       ||   315
 Fire: Hunting sling     |    47 |   185 |   303 |    44 ||   579
Evoke: Wand              |       |       |       |     9 ||     9
  Use: Potion            |       |       |     2 |       ||     2
  Eat: Chunk             |       |     5 |    15 |     5 ||    25
       Ration            |       |       |     2 |       ||     2
Armor: Leather armour    |     5 |       |       |       ||     5
       Chain mail        |    17 |    48 |   248 |    61 ||   374
Dodge: Dodged            |    47 |    24 |   223 |    75 ||   369
